 Dungeon Crawl Stone Soup version 0.22-a0-580-gd5db89c (webtiles) character file.

149 Hebeh the Shield-Bearer (level 5, -1/46 HPs)
             Began as a Minotaur Fighter on July 2, 2018.
             Slain by a gnoll
             ... wielding a +0 spear
              (7 damage)
             ... on level 3 of the Dungeon.
             The game lasted 00:05:19 (2143 turns).

Hebeh the Shield-Bearer (Minotaur Fighter)          Turns: 2143, Time: 00:05:20

Health: -1/46      AC:  7    Str: 21    XL:     5   Next: 9%
Magic:  4/4        EV:  8    Int:  5    God:
Gold:   163        SH:  9    Dex: 10    Spells: 4/4 levels left

rFire    . . .     SeeInvis .   a - +0 war axe
rCold    . . .     Gourm    .   c - +0 shield
rNeg     . . .     Faith    .   b - +0 scale mail
rPois    .         Spirit   .   (helmet restricted)
rElec    .         Reflect  .   (no cloak)
rCorr    .         Harm     .   (no gloves)
MR       .....                  (no boots)
Stlth    ..........             (no amulet)
HPRegen  0.15/turn              (no ring)
MPRegen  0.09/turn              (no ring)

@: no status effects
A: retaliatory headbutt, horns 2
a: no special abilities


You were on level 3 of the Dungeon.
You were not hungry.

You visited 1 branch of the dungeon, and saw 3 of its levels.

You collected 163 gold pieces.

Inventory:

Hand Weapons
 a - a +0 war axe (weapon)
Missiles
 k - 24 sling bullets
Armour
 b - a +0 scale mail (worn)
 c - a +0 shield (worn)
Jewellery
 l - an uncursed ring of protection from magic {unknown}
Scrolls
 e - a scroll of enchant armour {unknown}
 g - a scroll of random uselessness {unknown}
 h - 2 scrolls of fear {unknown}
 i - 3 scrolls of identify {unknown}
 j - a scroll of magic mapping {unknown}
 n - 4 scrolls of enchant weapon {unknown}
 q - a scroll of remove curse {unknown}
 s - a scroll of amnesia {unknown}
 t - a scroll of teleportation {unknown}
Potions
 d - 3 potions of might
 m - a potion of heal wounds {unknown}
 o - a potion of curing {unknown}
 r - a potion of ambrosia {unknown}
Comestibles
 f - 7 rations
 p - 5 chunks of flesh


   Skills:
 + Level 4.2 Fighting
 + Level 3.9 Axes
 + Level 4.4 Armour
 + Level 1.9 Dodging
 + Level 4.6 Shields


You had 4 spell levels left.
You didn't know any spells.
Your spell library contained the following spells:

 Spells                   Type           Power        Failure   Level  Hunger
 Magic Dart               Conj           #...         99%         1    ##.....
 Conjure Flame            Conj/Fire      #.......     100%        3    ####...
 Slow                     Hex            #.......     100%        2    ###....
 Mephitic Cloud           Conj/Pois/Air  #.......     100%        3    ####...
 Blink                    Tloc           N/A          100%        2    ###....
 Call Imp                 Summ           #.......     100%        2    ###....


Dungeon Overview and Level Annotations

Branches:
Dungeon (3/15)

Altars:


Innate Abilities, Weirdness & Mutations

You reflexively headbutt those who attack you in melee.
You have a pair of horns on your head.


Message History

The gnoll is severely wounded.
You hit the gnoll. The gnoll hits you with a club.
The gnoll hits you but does no damage. The gnoll completely misses you.
You furiously retaliate!
You headbutt the gnoll. You hit the gnoll.
You kill the gnoll!
You closely miss the gnoll. You block the gnoll's attack.
The gnoll hits you but does no damage. The gnoll hits you with a spear.
* * * LOW HITPOINT WARNING * * *
The gnoll completely misses you.
You see here a club.
You block the gnoll's attack. The gnoll hits you.
* * * LOW HITPOINT WARNING * * *
Your shield and scale mail prevent you from hitting the gnoll.
Your headbutt misses the gnoll. You closely miss the gnoll.
The gnoll hits you with a spear.
* * * LOW HITPOINT WARNING * * *
You block the gnoll's attack. The gnoll hits you with a spear!
You die...

#......
#.....###### #
#...........
..#...........
....#......
#......
...##..g.#######
....$..@)......#
...##.#.g...##.###
# #.....#....#
#..........#
##....#.##.#
######.##.# #.##.#
#. #.# #. #.#


You could see 2 gnolls.

Vanquished Creatures
  A centaur skeleton (D:2)
  A gnoll (D:3)
  4 adders
  2 worms (D:2)
  3 leopard geckos
  10 bats
  2 giant cockroaches
  4 goblins
  3 hobgoblins
  16 jackals
  3 kobolds
  2 quokkas (D:2)
  2 ball pythons
  6 frilled lizards
  6 rats
65 creatures vanquished.

Notes
Turn   | Place    | Note
-------+----------+-------------------------------------------
     0 | D:1      | Hebeh the Minotaur Fighter began the quest for the Orb.
     0 | D:1      | Reached XP level 1. HP: 19/19 MP: 0/0
   134 | D:1      | Reached XP level 2. HP: 27/27 MP: 1/1
   966 | D:2      | Reached XP level 3. HP: 33/33 MP: 2/2
  1351 | D:2      | Reached skill level 1 in Dodging
  1508 | D:2      | Reached XP level 4. HP: 31/40 MP: 3/3
  2049 | D:3      | Reached XP level 5. HP: 46/46 MP: 4/4
  2143 | D:3      | Slain by a gnoll

Vault maps used:
D:1:      dpeg_arrival_signposts, minmay_pentomino_s2
D:2:      first_ration

Skill      XL: |  1  2  3 |
---------------+----------+-----
Shields        | 4 |  4.6
Armour         | 4 |  4.4
Axes           | 3 |  3.9
Fighting       | 4 |  4.2
Dodging        | 1 |  1.9

Action                   |  1- 3 |  4- 6 || total
-------------------------+-------+-------++-------
Melee: War axe           |    95 |    43 ||   138
       Headbutt          |    15 |     7 ||    22
  Eat: Chunk             |     2 |     2 ||     4
Armor: Scale mail        |    39 |    21 ||    60
Dodge: Dodged            |    25 |    15 ||    40
Block: Shield            |    51 |    36 ||    87

Table legend:
 A = Spawn XP
 B = Non-spawn XP
 C = Spawn XP percentage of total XP
 D = Spawn monster count
 E = Non-spawn monster count
 F = Spawn count percentage of total count
 G = Total turns spent on level
                    A         B        C        D         E        F      G
               +---------+---------+-------+---------+---------+-------+---------
         Total |       0 |     214 |   0.0 |       0 |      65 |   0.0 |  2143
               +---------+---------+-------+---------+---------+-------+---------
           D:1 |       0 |      33 |   0.0 |       0 |      21 |   0.0 |   950
           D:2 |       0 |     115 |   0.0 |       0 |      27 |   0.0 |   853
           D:3 |       0 |      66 |   0.0 |       0 |      17 |   0.0 |   340
               +---------+---------+-------+---------+---------+-------+---------
